 Dungeon Crawl Stone Soup version 0.20.1-1-g8b1a95d (webtiles) character file.

9148 VirginKiller the Grappler (level 11, 0/96 (97) HPs)
             Began as a Demigod Gladiator on Oct 7, 2017.
             Killed from afar by an efreet (32 damage)
             ... with a bolt of fire
             ... on level 11 of the Dungeon.
             The game lasted 01:06:28 (7910 turns).

VirginKiller the Grappler (Demigod Gladiator)       Turns: 7910, Time: 01:06:29

HP:   0/96 (97)     AC: 20    Str: 23    XL:     11   Next: 0%
MP:   14/14         EV:  7    Int: 12    God:
Gold: 1140          SH:  4    Dex: 17    Spells: 4/10 levels left

rFire    . . .     SeeInvis .     - Unarmed
rCold    . . .     Gourm    .   (no shield)
rNeg     . . .     Faith    .   n - +0 plate armour
rPois    .         Spirit   .   r - +2 helmet
rElec    .         Reflect  +   l - +0 cloak
rCorr    .         Harm     .   b - +2 pair of gloves
MR       +....                  j - +2 pair of boots
Stlth    ..........             z - +4 amulet of reflection
Regen    0.3/turn               (no ring)
MPRegen  0.2/turn               p - ring of wizardry

@: no status effects
A: high mp 1
a: no special abilities


You were on level 11 of the Dungeon.
You were not hungry.

You visited 1 branch of the dungeon, and saw 11 of its levels.
You also visited: Sewer and Bailey.

You collected 1140 gold pieces.

Inventory:

Missiles
 c - 48 tomahawks of returning (quivered)
 f - 27 poisoned needles
Armour
 b - a +2 pair of gloves (worn)
 j - a +2 pair of boots (worn)
 l - a +0 cloak (worn)
 n - a +0 plate armour (worn)
 q - a scarf of cloud immunity
 r - a +2 helmet (worn)
Jewellery
 k - an uncursed ring of ice
 p - a ring of wizardry (right hand)
 z - a +4 amulet of reflection (around neck)
Wands
 h - a wand of lightning (0/15)
 m - a wand of flame (29/48)
 w - a wand of paralysis (0/24)
 x - a wand of flame (37/48)
 C - a wand of flame (39/48)
 G - a wand of iceblast (2/15)
Scrolls
 i - 3 scrolls of enchant weapon
 o - 4 scrolls of remove curse
 s - 2 scrolls of immolation {unknown}
 t - 5 scrolls of teleportation
 y - a scroll of torment {unknown}
 A - 2 scrolls of fog
 D - a scroll of blinking {unknown}
 E - a scroll of magic mapping {unknown}
Potions
 a - a potion of ambrosia
 e - a potion of resistance
 g - 2 potions of brilliance
Books
 v - a book of Transfigurations

   Spells                             Type                      Level
   a - Irradiate                      Conjuration/Transmutation    5
   b - Statue Form                    Transmutation/Earth          6
   c - Hydra Form                     Transmutation                6
   d - Dragon Form                    Transmutation                7
Comestibles
 d - 5 bread rations
 u - 2 chunks of flesh
 B - 2 meat rations
 F - 7 fruits


   Skills:
 - Level 9.4 Fighting
 * Level 4.7 Throwing
 - Level 2.6 Dodging
 + Level 12.4 Unarmed Combat


You had 4 spell levels left.
You knew the following spells:

 Your Spells              Type           Power        Failure   Level  Hunger
a - Hydra Form            Tmut           #.........   100%        6    #######


Dungeon Overview and Level Annotations

Branches:
Dungeon (11/15)            Temple (0/1) D:6
   Lair: D:8-11         Orc: D:9-12


Innate Abilities, Weirdness & Mutations

You have an increased reservoir of magic. (+10% MP)


Message History

c - 48 tomahawks of returning (gained 1)
G - a wand of iceblast (?/15)
An efreet comes into view. It is wielding a scimitar of flaming.
Found a ring of intelligence and a robe.
Found an iron altar of Okawaru.
You start resting.
The efreet gestures at you. The bolt of fire hits you!
The efreet gestures at you.
The fireball explodes!
The fireball engulfs you!
The fireball engulfs the efreet.
The efreet completely resists.
You hear an angry buzzing noise.
You hear a shout! x4
You hear an angry buzzing noise.
You catch the helpless efreet completely off-guard!
You hit the efreet but do no damage. You punch the efreet!
The efreet is moderately wounded.
The efreet gestures at you. The bolt of fire hits you!
You die...

###.....#..#
.......
.#.......####
. ...##
.........#..#
.
#...###.....#
.. ....
#.....###...
..#
#..#.......#
####)......#
#..#..###..#
#.R@...# ..
#..###.§#..#
#.......####
#.......#
....###....
... .....# ..
#..#....
####..._=
.§....


You could see an efreet.

Vanquished Creatures
  Fannar (D:10)
  2 two-headed ogres
  An unseen horror (D:11)
  Pikel (D:9)
  A troll (D:10)
  A hippogriff (D:7)
  A wyvern (D:10)
  6 yaks (D:7)
  A spriggan (D:10)
  3 ice beasts
  11 orc warriors
  A necrophage (D:10)
  3 phantoms
  3 ogres
  2 centaurs
  A gnoll sergeant (D:10)
  Blork the orc (D:5)
  3 bullfrogs
  2 scorpions
  9 killer bees
  A wight (D:11)
  3 howler monkeys
  3 crimson imps
  3 hounds
  2 centaur skeletons
  12 orc priests
  2 jellies
  7 orc wizards
  2 iguanas (D:9)
  6 worker ants
  A killer bee zombie (D:9)
  Robin (D:2)
  17 gnolls
  14 adders
  10 river rats (D:5)
  2 shadow imps
  7 worms
  5 leopard geckos
  42 orcs
  7 bats
  7 giant cockroaches
  17 goblins
  8 hobgoblins
  12 jackals
  21 kobolds
  12 quokkas
  7 ball pythons
  8 frilled lizards
  19 rats
  A plant (D:5)
313 creatures vanquished.

Vanquished Creatures (others)
  3 slaves (D:9)
  3 kobolds (Bailey)
6 creatures vanquished.

Grand Total: 319 creatures vanquished

Notes
Turn   | Place    | Note
-------+----------+-------------------------------------------
     0 | D:1      | VirginKiller the Demigod Gladiator began the quest for the Orb.
     0 | D:1      | Reached XP level 1. HP: 17/17 MP: 3/3
   189 | D:1      | Reached skill level 3 in Unarmed Combat
   477 | D:1      | Reached XP level 2. HP: 24/24 MP: 4/4
  1006 | D:2      | Reached skill level 4 in Unarmed Combat
  1006 | D:2      | Reached XP level 3. HP: 29/29 MP: 5/5
  1112 | D:2      | Noticed Robin
  1163 | D:2      | Killed Robin
  1310 | D:3      | Reached XP level 4. HP: 28/36 MP: 6/6
  1370 | D:3      | Found a shattered altar of Ashenzari.
  1732 | D:4      | Reached skill level 5 in Unarmed Combat
  1772 | D:4      | Found a glowing drain.
  1802 | Sewer    | Entered a sewer
  1972 | Sewer    | Reached XP level 5. HP: 23/41 MP: 7/7
  2342 | D:4      | Reached skill level 6 in Unarmed Combat
  2531 | D:4      | Reached XP level 6. HP: 32/48 MP: 8/8
  2703 | D:5      | Entered Level 5 of the Dungeon
  2759 | D:5      | Noticed Blork the orc
  2765 | D:5      | Killed Blork the orc
  2765 | D:5      | Reached skill level 7 in Unarmed Combat
  3138 | D:5      | Reached XP level 7. HP: 41/53 MP: 9/9
  3214 | D:5      | Reached skill level 8 in Unarmed Combat
  3875 | D:6      | Reached skill level 9 in Unarmed Combat
  3898 | D:6      | Found a deep blue altar of Sif Muna.
  3983 | D:6      | Found an iron altar of Okawaru.
  4003 | D:6      | Reached XP level 8. HP: 60/60 MP: 10/10
  4065 | D:6      | Found a staircase to the Ecumenical Temple.
  4275 | D:7      | Reached skill level 10 in Unarmed Combat
  4560 | D:7      | Found a burning altar of Makhleb.
  4561 | D:7      | Found a sparkling altar of Nemelex Xobeh.
  4678 | D:7      | Noticed a hippogriff
  4690 | D:7      | Killed a hippogriff
  4751 | D:7      | Reached skill level 11 in Unarmed Combat
  4762 | D:7      | Reached XP level 9. HP: 67/67 MP: 11/11
  4912 | D:7      | Reached skill level 12 in Unarmed Combat
  5817 | D:9      | Reached skill level 5 in Fighting
  5963 | D:9      | Noticed Pikel
  5978 | D:9      | Killed Pikel
  6134 | D:9      | Found an opulent altar of Gozag.
  6173 | D:9      | Noticed a two-headed ogre
  6184 | D:9      | Killed a two-headed ogre
  6184 | D:9      | Reached XP level 10. HP: 62/86 MP: 13/13
  6287 | D:9      | Learned a level 6 spell: Hydra Form
  6300 | D:10     | Entered Level 10 of the Dungeon
  6520 | D:10     | Found a flagged portal.
  6549 | Bailey   | Entered a bailey
  6928 | D:10     | Noticed Fannar
  6946 | D:10     | Killed Fannar
  7605 | D:10     | Noticed a two-headed ogre
  7849 | D:11     | Killed an unseen horror
  7882 | D:11     | Noticed a two-headed ogre
  7888 | D:11     | Killed a two-headed ogre
  7888 | D:11     | Reached XP level 11. HP: 75/96 MP: 14/14
  7899 | D:11     | Found an iron altar of Okawaru.
  7910 | D:11     | Killed from afar by an efreet

Skill      XL: |  1  2  3  4  5  6  7  8  9 10 |
---------------+-------------------------------+-----
Unarmed Combat | 3 4 5 6 7 9 11 12 | 12.4
Fighting       | 7 9 |  9.4
Throwing       | 4 |  4.7
Dodging        | |  2.6

Action                   |  1- 3 |  4- 6 |  7- 9 | 10-12 || total
-------------------------+-------+-------+-------+-------++-------
Melee: Unarmed           |   188 |   310 |   533 |   239 ||  1270
       Punch             |     1 |    10 |    26 |     8 ||    45
Throw: Stone             |     4 |       |       |       ||     4
       Throwing net      |     1 |     2 |       |       ||     3
       Tomahawk          |       |       |       |    24 ||    24
Evoke: Wand              |       |       |       |     5 ||     5
  Use: Scroll            |     1 |       |     8 |     6 ||    15
       Potion            |       |     4 |    11 |     2 ||    17
 Stab: Sleeping          |     1 |       |       |       ||     1
       Held in net/web   |     1 |     1 |       |       ||     2
       Paralysed         |       |       |       |     6 ||     6
       Distracted        |       |       |       |     2 ||     2
  Eat: Chunk             |     1 |     7 |     6 |     4 ||    18
       Royal jelly       |       |       |     2 |     1 ||     3
Armor: Ring mail         |    57 |       |       |       ||    57
       Plate armour      |    73 |   201 |   269 |   130 ||   673
       Skin              |       |       |     8 |     1 ||     9
Dodge: Dodged            |   116 |    81 |   143 |    58 ||   398
Block: Other             |       |       |       |    32 ||    32
       Reflection        |       |       |       |     8 ||     8
